 Dungeon Crawl Stone Soup version 0.15-a0-1309-g3520d71 (webtiles) character file.

45 Quh the Magician (level 3, 0/24 HPs)
             Began as a Demonspawn Wizard on June 7, 2014.
             Slain by an adder (5 damage)
             ... on Level 2 of the Dungeon.
             The game lasted 00:10:41 (2103 turns).

Quh the Magician (Demonspawn Wizard)                Turns: 2103, Time: 00:10:41

HP   0/24        AC  2     Str  7      XL: 3   Next: 42%
MP   0/8         EV 12     Int 20      God:
Gold 25          SH  0     Dex 11      Spells:  4 memorised,  1 level left

rFire  . . .     SeeInvis .     h - +2,+1 short sword
rCold  . . .     Clarity  .     a - +0 robe
rNeg   . . .     rCorr    .     (no shield)
rPois  .         rRot     .     b - +0 hat
rElec  .         Spirit   .     (no cloak)
SustAb .         Warding  .     (no gloves)
rMut   .         Stasis   .     (no boots)
Gourm  .                        (no amulet)
MR     .....                    (no ring)
                                (no ring)

@: not resistant to hostile enchantments, unstealthy
A: antennae 1, powered by death 1
a: no special abilities


You were on level 2 of the Dungeon.
You were not hungry.

You visited 1 branch of the dungeon, and saw 3 of its levels.

You collected 25 gold pieces.

Inventory:

Hand weapons
 h - a +2,+1 short sword (weapon)
Missiles
 f - 60 stones (quivered)
 n - 14 arrows
Armour
 a - a +0 robe (worn)
 b - a +0 hat (worn)
Comestibles
 d - a bread ration
 p - 5 meat rations
 v - a rotting chunk of goblin flesh
 w - a rotting chunk of adder flesh
Scrolls
 e - a scroll of fog {unknown}
 i - 4 scrolls of teleportation {unknown}
 j - a scroll of remove curse {unknown}
 k - 2 scrolls of identify {unknown}
 l - 2 scrolls of fear {unknown}
 o - a scroll of enchant weapon I {unknown}
 s - a scroll of enchant armour {unknown}
Potions
 g - 2 potions of might {unknown}
 m - a potion of heal wounds {unknown}
 q - a potion of flight {unknown}
 r - a potion of mutation {unknown}
 t - a potion of poison {unknown}
 u - a potion of curing {unknown}
 x - 2 potions of invisibility {unknown}
Books
 c - a book of Minor Magic

   Spells                             Type                      Level
   *Magic Dart                        Conjuration                  1
   *Blink                             Translocation                2
   *Call Imp                          Summoning                    2
   *Repel Missiles                    Charms/Air                   2
   Slow                               Hexes                        2
   Conjure Flame                      Conjuration/Fire             3
   Mephitic Cloud                     Conjuration/Poison/Air       3


   Skills:
 - Level 1.7 Dodging
 + Level 2.0 Stealth
 + Level 3.3 Spellcasting
 * Level 2.6 Conjurations
 - Level 1.0 Summonings
 * Level 1.1 Translocations


You had one spell level left.
You knew the following spells:

 Your Spells              Type           Power        Failure   Level  Hunger
a - Magic Dart            Conj           ##..         6%          1    None
b - Blink                 Tloc           N/A          14%         2    ##.....
c - Call Imp              Summ           #.......     17%         2    ##.....
d - Repel Missiles        Chrm/Air       #.....       24%         2    ##.....


Dungeon Overview and Level Annotations

Branches:
Dungeon (3/15)

Altars:
Okawaru


Innate Abilities, Weirdness & Mutations

You have a pair of small antennae on your head.
You can steal the life force of nearby defeated enemies.


Message History

Press: ? - help, Shift-Dir - straight line, f - adder
Aim: an adder (lightly wounded)
The magic dart hits the adder.
The adder is moderately wounded.
The adder closely misses you. The adder barely misses you.
You feel less regenerative.
You feel sick. The adder closely misses you.
You feel sick.
You are no longer poisoned.
The adder closely misses you.
Unknown command.
The adder barely misses you.
Casting: Magic Dart
Confirm with . or Enter, or press ? or * to list all spells.
You blink.
There is an open door here.
The adder bites you.
You die...

##.## #..............#####
#####..###..................#
#........#..................#
#........#.........###......#
#........#.........# #......#
###...#.##.........# #......#
#...#..###g####### #......#
#...##.###S# #......#
#...##..##@# #......#
#...###.##.# ######## #...#
#.##.# ########### #.##.#
.....########'##.#
.....##........#.#
.....##.......)#%#######
...(.##..........#.....#
.....##..........#...).#


You could see an adder and a hobgoblin.

Vanquished Creatures
  2 giant geckos (D:1)
  2 ball pythons (D:1)
  7 bats
  5 goblins
  4 hobgoblins
  4 jackals (D:1)
  7 kobolds
  A giant cockroach (D:1)
  3 giant newts
  2 rats (D:1)
37 creatures vanquished.

Vanquished Creatures (collateral kills)
  An adder (D:2)
  A hobgoblin (D:2)
  A bat (D:2)
3 creatures vanquished.

Grand Total: 40 creatures vanquished

Notes
Turn   | Place    | Note
--------------------------------------------------------------
     0 | D:1      | Quh, the Demonspawn Wizard, began the quest for the Orb.
     0 | D:1      | Reached XP level 1. HP: 13/13 MP: 4/4
   355 | D:1      | Gained mutation: You have a pair of small antennae on your head. [demonic ancestry]
   355 | D:1      | Reached XP level 2. HP: 19/19 MP: 3/6
   543 | D:1      | Learned a level 2 spell: Blink
   546 | D:1      | Learned a level 2 spell: Call Imp
   549 | D:1      | Learned a level 2 spell: Repel Missiles
   837 | D:1      | Reached skill level 1 in Translocations
  1138 | D:1      | Gained mutation: You can steal the life force of nearby defeated enemies. [demonic ancestry]
  1138 | D:1      | Reached XP level 3. HP: 24/24 MP: 2/8
  2070 | D:3      | Found an iron altar of Okawaru.
  2103 | D:2      | Slain by an adder

Action                   || total
-------------------------++-------
Melee: Unarmed           ||     1
       Short sword       ||    46
 Cast: Magic Dart        ||    60
       Call Imp          ||     7
       Blink             ||     1
